AoeStats
← Infadel

Arabia

509747862Analyzed
1v1 RM · 4d ago on Sep 27, 2026· 30m 13s· 2 players
Game mode
Random Map
Map size
Tiny (2 player)
Population
200
Speed
Normal
Resources
Standard
Victory
Conquest
Starting age
Dark Age
Ending age
Imperial Age
RankedLock teamsTeams togetherTeam positionsShared explorationLock speedFull tech treeHidden civsTurbo modeCheats
Victory
Defeat
🇮🇳 Mongols · India
1105
+17
🇨🇷 Bulgarians · Costa Rica
1135
-17
Roderich I
7:16 Loom
9:34 Feudal Age
10:05 Double-Bit Axe
21:36 Fletching
25:47 Castle Age
Infadel
6:54 Loom
9:03 Feudal Age
10:32 Double-Bit Axe
18:08 Fletching
21:09 Castle Age
19:26 Padded Archer Armor
20:14 Gold Mining
21:16 Crossbowman
23:46 Bow Saw
24:26 Forging
24:55 Town Watch
Connection lost

Rejoining the realm…

Still unreachable

The connection could not be restored.

Session expired

The server has moved on; the page needs a fresh start.